 Dungeon Crawl Stone Soup version 0.21-a0-104-g7b58145 (webtiles) character file.

224 KristoblXynda the Conjurer (level 5, -2/57 HPs)
             Began as a Draconian Conjurer on July 6, 2017.
             Slain by a gnoll (5 damage)
             ... on level 3 of the Dungeon.
             The game lasted 00:06:30 (3144 turns).

KristoblXynda the Conjurer (Draconian Conjurer)     Turns: 3144, Time: 00:06:31

Health: -2/57      AC:  5    Str: 15    XL:     5   Next: 67%
Magic:  2/10       EV: 12    Int: 20    God:
Gold:   116        SH:  0    Dex: 13    Spells: 10/11 levels left

rFire    + . .     SeeInvis .   s - +2 dagger (freeze)
rCold    + . .     Gourm    .   (no shield)
rNeg     . . .     Faith    .   (armour unavailable)
rPois    .         Spirit   .   (helmet restricted)
rElec    .         Reflect  .   j - scarf {rC+ rF+}
rCorr    .         Harm     .   (no gloves)
MR       .....                  (no boots)
Stlth    ..........             (no amulet)
HPRegen  0.19/turn              (no ring)
MPRegen  0.12/turn              (no ring)

@: brilliant, berserking, very quick
A: unfitting armour, cold-blooded, AC +5
a: no special abilities


You were on level 3 of the Dungeon.
You were not hungry.

You visited 1 branch of the dungeon, and saw 3 of its levels.

You collected 116 gold pieces.

Inventory:

Hand Weapons
 s - a +2 dagger of freezing (weapon)
Armour
 e - a +0 buckler
 j - a scarf of resistance (worn)
Scrolls
 d - 5 scrolls of identify {unknown}
 h - a scroll of random uselessness {unknown}
 i - a scroll of enchant weapon {unknown}
 m - a scroll of amnesia {unknown}
 n - a scroll of remove curse {unknown}
 p - a scroll of teleportation {unknown}
 q - a scroll of recharging {unknown}
Potions
 c - a potion of brilliance
 g - a potion of magic {unknown}
 k - a potion of curing {unknown}
 l - a potion of ambrosia {unknown}
 o - a potion of lignification {unknown}
 r - a potion of flight {unknown}
 v - a potion of resistance {unknown}
Books
 a - a book of Conjurations

   Spells                             Type                      Level
   a - Magic Dart                     Conjuration                  1
   b - Searing Ray                    Conjuration                  2
   c - Dazzling Spray                 Conjuration/Hexes            3
   d - Fulminant Prism                Conjuration/Hexes            4
   e - Force Lance                    Conjuration/Translocation    4
   f - Iskenderun's Mystic Blast      Conjuration                  4
 t - a book of Minor Magic

   Spells                             Type                      Level
   a - Magic Dart                     Conjuration                  1
   b - Blink                          Translocation                2
   c - Call Imp                       Summoning                    2
   d - Slow                           Hexes                        2
   e - Conjure Flame                  Conjuration/Fire             3
   f - Mephitic Cloud                 Conjuration/Poison/Air       3
Comestibles
 b - 3 bread rations
 f - 3 meat rations
 u - 4 fruits
 x - a chunk of flesh


   Skills:
 + Level 1.4 Short Blades
 - Level 1.7 Dodging
 - Level 1.7 Stealth
 - Level 2.0 Unarmed Combat
 + Level 3.6 Spellcasting
 + Level 5.3 Conjurations


You had 10 spell levels left.
You knew the following spells:

 Your Spells              Type           Power        Failure   Level  Hunger
a - Magic Dart            Conj           ####         1%          1    None


Dungeon Overview and Level Annotations

Branches:
Dungeon (3/15)

Altars:


Innate Abilities, Weirdness & Mutations

Your plain brown scales are hard. (AC +5)
You cannot fit into any form of body armour.
You are cold-blooded and may be slowed by cold attacks.


Message History

Confirm with . or Enter, or press ? or * to list all spells.
Aiming: Magic Dart
Press: ? - help, Shift-Dir - straight line, f - gnoll
Aim: a gnoll The magic dart hits the gnoll.
The gnoll is moderately wounded.
The gnoll hits you.
* * * LOW HITPOINT WARNING * * *
Casting: Magic Dart
Confirm with . or Enter, or press ? or * to list all spells.
Aiming: Magic Dart
Press: ? - help, Shift-Dir - straight line, f/p - gnoll
Aim: a gnoll (moderately wounded)
The magic dart hits the gnoll.
The gnoll is moderately wounded.
The gnoll hits you but does no damage.
It was a potion of berserk rage.
A red film seems to cover your vision as you go berserk!
You feel yourself moving faster!
You feel mighty! The gnoll hits you.
You die...

..# #.#####################
..##..............!....
.##≈≈≈†≈≈≈≈≈≈≈≈≈≈≈≈≈≈≈≈
.##≈≈≈≈≈≈≈≈≈≈≈≈≈≈≈≈≈≈≈≈
..##.......l).........[
..########'############## ####
###........#.8###)8###)8###.8#
........'.glg@..........))#
############################(#
............... #..#
#####.#..<..... #.##
#.....<......# #.#
#[#####......# #.# #.# .#.#..#
#.# ##.# .. # # #.# ...# ...
#.#


You could see 2 gnolls and a leopard gecko.

Vanquished Creatures
  Jessica (D:2)
  Natasha (thrice) (D:2)
  4 adders
  2 gnolls
  3 worms
  A dart slug (D:3)
  2 leopard geckos
  7 orcs (D:3)
  A giant cockroach (D:1)
  3 goblins
  6 hobgoblins
  8 kobolds
  7 bats
  6 frilled lizards
  5 rats
59 creatures vanquished.

Notes
Turn   | Place    | Note
-------+----------+-------------------------------------------
     0 | D:1      | KristoblXynda the Draconian Conjurer began the quest for the Orb.
     0 | D:1      | Reached XP level 1. HP: 14/14 MP: 3/3
   511 | D:1      | Reached XP level 2. HP: 14/20 MP: 0/5
  1201 | D:2      | Reached XP level 3. HP: 26/26 MP: 6/6
  1291 | D:2      | Reached skill level 1 in Unarmed Combat
  1675 | D:2      | Noticed Natasha
  1681 | D:2      | Killed Natasha
  1681 | D:2      | Reached XP level 4. HP: 33/33 MP: 1/8
  2142 | D:2      | Noticed Natasha
  2150 | D:2      | Killed Natasha
  2150 | D:2      | Reached skill level 5 in Conjurations
  2438 | D:2      | Noticed Jessica
  2443 | D:2      | Killed Jessica
  2443 | D:2      | Reached XP level 5. HP: 38/38 MP: 3/9
  2528 | D:2      | Noticed Natasha
  2534 | D:2      | Killed Natasha
  2534 | D:2      | Reached skill level 1 in Short Blades
  2849 | D:3      | Found a faded altar of an unknown god.
  3144 | D:3      | Slain by a gnoll

Vault maps used:
D:1:      saegor_arrival_under_anarchy, minmay_cut_off
D:2:      serial_bayou_pond_c, uniq_natasha, uniq_jessica
D:3:      wad_river_or_something, chequers_ecumenical_altar_simple_redux

Skill      XL: |  1  2  3  4  5 |
---------------+----------------+-----
Unarmed Combat | 1 2 |  2.0
Spellcasting   | 3 |  3.6
Conjurations   | 5 |  5.3
Short Blades   | 1 |  1.4
Dodging        | |  1.7
Stealth        | |  1.7

Action                   |  1- 3 |  4- 6 || total
-------------------------+-------+-------++-------
Melee: Unarmed           |    65 |    12 ||    77
       Tailslap          |     3 |     3 ||     6
       Dagger            |       |    55 ||    55
       Punch             |       |     1 ||     1
 Cast: Magic Dart        |    52 |    55 ||   107
  Use: Potion            |       |     2 ||     2
 Stab: Sleeping          |     3 |     1 ||     4
  Eat: Chunk             |     3 |     5 ||     8
Armor: Skin              |    16 |    16 ||    32
Dodge: Dodged            |    51 |    43 ||    94
